[Event "*** Titled Tuesday Blitz"]
[Site "Chess.com"]
[Date "2020.12.29"]
[Round "5"]
[White "tvjosue"]
[Black "Kosak12"]
[Result "0-1"]
[WhiteElo "2530"]
[BlackElo "2768"]
[TimeControl "180+1"]
[EndTime "10:54:28 PST"]
[Termination "Kosak12 won by resignation"]

1. Nf3 Nf6 2. c4 e6 3. b3 b6 4.
Bb2 Bb7 5. e3 Be7 6. Be2 d5 7. O-O Nbd7 8. d3 O-O 9. Nbd2 c5 10.
a3 Bd6 11. Rc1 Qe7 12. Rc2 Nh5 13. Qa1 f5 14. cxd5 exd5 15. Re1 Rae8 16. Bf1 Nhf6 17.
b4 Qf7 18. g3 Qg6 19. Bg2 f4 20. exf4 Qxd3 21. Rcc1 d4 22. bxc5 bxc5 23. Rcd1 Qf5 24.
Nh4 Rxe1+ 25. Rxe1 Qc2 26. Bxb7 Qxd2 27. Nf5 Ng4 28.
Bd5+ Kh8 29. Bxd4 cxd4 30. Qxd4 Qxe1+ 31. Kg2 Rxf5 32. Be6 Qxe6 33. Qc4 Qxc4 0-1

[Event "*** Titled Tuesday Blitz"]
[Site "Chess.com"]
[Date "2020.12.29"]
[Round "5"]
[White "bazar-wokzal"]
[Black "Training_Day"]
[Result "1-0"]
[WhiteElo "2556"]
[BlackElo "2383"]
[TimeControl "180+1"]
[EndTime "10:54:29 PST"]
[Termination "bazar-wokzal won by checkmate"]

1. e4 c5 2. c3 Nf6 3. e5 Nd5 4. d4 cxd4 5. cxd4 d6 6. Bc4 Nb6 7. Bb3 dxe5 8. Qh5 e6 9. dxe5 Be7 10. Nc3 O-O 11. Nf3 Nc6 12. h4 Nd4 13. Nxd4 Qxd4 14. Be3 Qb4 15. O-O-O Nd5 16. Rd4 Qa5 17. Bd2 Nxc3 18.
Bxc3 Qb6 19. Bc2 g6 20. Qh6 Rd8 21. h5 Bf8 22. Rxd8 Qxd8 23. Qf4 Bd7 24. hxg6 fxg6 25.
Rxh7 Kxh7 26. Qf7+ Kh8 27. Qxg6 Qe7 28. Qh5+ Kg8 29. f4 Qe8 30. Qh7# 1-0

[Event "*** Titled Tuesday Blitz"]
[Site "Chess.com"]
[Date "2020.12.29"]
[Round "5"]
[White "theturtlemoves"]
[Black "Matols"]
[Result "1-0"]
[WhiteElo "2355"]
[BlackElo "2261"]
[TimeControl "180+1"]
[EndTime "10:54:29 PST"]
[Termination "theturtlemoves won by resignation"]

1. e4 e6 2. d4 d5 3. Nc3 Nf6 4. e5 Nfd7 5. f4 c5 6. Nf3 Nc6 7. Be3 cxd4 8. Nxd4 Bc5 9. Qd2 O-O 10. O-O-O a6 11.
Qf2 Bxd4 12. Bxd4 b5 13. Bd3 b4 14. Ne2 a5 15. Kb1 Ba6 16. f5 Ndxe5 17. Bxa6 Rxa6 18. Ng3 a4 19. Bc5 Re8 20. Rhf1 b3 21. fxe6 fxe6 22.
cxb3 axb3 23. a3 Ra8 24. Ne4 Qa5 25. Ng5 Qa4 26. Nxe6 Qe4+ 27. Ka1 Qc2 28. Nc7 Nd3 29. Qf7+ Kh8 30. Rxd3 Qxd3 31. Nxe8 Rxa3+ 32. Bxa3 1-0

[Event "*** Titled Tuesday Blitz"]
[Site "Chess.com"]
[Date "2020.12.29"]
[Round "5"]
[White "francyIM"]
[Black "Nadeev_Sergey"]
[Result "1/2-1/2"]
[WhiteElo "2693"]
[BlackElo "2473"]
[TimeControl "180+1"]
[EndTime "10:54:31 PST"]
[Termination "Game drawn by repetition"]

1. d4 d5 2. c3 Nf6 3. Bf4 c6 4. e3 Qb6 5. Qc1 Bf5 6. Nd2 Nbd7 7. Ngf3 e6 8. Be2 Be7 9. O-O h6 10. h3 O-O 11. c4 Rfe8 12. c5 Qd8 13. b4 Ne4 14. a4 a6 15. b5 axb5 16. axb5 Rxa1 17.
Qxa1 Nxd2 18. Nxd2 e5 19. dxe5 Nxc5 20. bxc6 bxc6 21. Rc1 Qa8 22. Qc3 Rc8 23. Bg3 Qb7 24.
f3 Bd7 25. Bf2 Na4 26. Qd3 c5 27. Rb1 Qa8 28. Qc2 Rb8 29. Rxb8+ Qxb8 30. e4 Qxe5 31.
Qd3 Nc3 32. Bf1 Bb5 33. Qc2 Bxf1 34. Kxf1 dxe4 35. Nxe4 Nxe4 36. fxe4 Bd6 37. Qd3 Be7 38. Ke2 f5 39. Qd5+ Qxd5 40. exd5 c4 41. Bd4 Bb4 42. Be5 Kf7 43. Ke3 Bc5+ 44. Kd2 Bb4+ 45. Ke3 Bc5+ 46.
Kd2 Bb4+ 47. Ke3 1/2-1/2

[Event "*** Titled Tuesday Blitz"]
[Site "Chess.com"]
[Date "2020.12.29"]
[Round "5"]
[White "vinniethepooh"]
[Black "NiranjanNavalgund"]
[Result "1-0"]
[WhiteElo "2701"]
[BlackElo "2482"]
[TimeControl "180+1"]
[EndTime "10:54:31 PST"]
[Termination "vinniethepooh won by resignation"]

1. d4 Nf6 2. c4 e5 3. Nc3 exd4 4. Qxd4 Nc6 5. Qd1 Bc5 6. e3 a5 7.
g3 d6 8. Bg2 h5 9. h3 Be6 10.
b3 Bb4 11. Bd2 d5 12. cxd5 Nxd5 13. Nge2 h4 14. g4 Ne5 15. O-O c6 16. f4 Nxg4 17. hxg4 Bxg4 18. Nxd5 cxd5 19. Bxb4 axb4 20. Bf3 Qd7 21.
Nd4 Bh3 22. Rf2 Ra6 23. Kh2 Rg6 24. Qd3 O-O 25. Rg1 Rxg1 26. Kxg1 Rc8 27. Kh2 Rc5 28. Rc2 Rxc2+ 29. Qxc2 Bf1 30. Qf5 Qe7 31. Bxd5 h3 32. Nf3 Kh8 33. Ng5 g6 34. Qe5+ Qxe5 35. Nxf7+ Kg7 36.
Nxe5 1-0

[Event "*** Titled Tuesday Blitz"]
[Site "Chess.com"]
[Date "2020.12.29"]
[Round "5"]
[White "ZverevLev"]
[Black "Chess_Boxer123"]
[Result "0-1"]
[WhiteElo "2388"]
[BlackElo "2562"]
[TimeControl "180+1"]
[EndTime "10:54:31 PST"]
[Termination "Chess_Boxer123 won by checkmate"]

1. e4 c6 2. d4 d5 3. e5 c5 4. dxc5 e6 5. a3 Bxc5 6. b4 Bb6 7.
Bb2 Ne7 8. Nf3 Nbc6 9. Bd3 O-O 10. b5 Na5 11. Bxh7+ Kxh7 12. Ng5+ Kg6 13. Qg4 f5 14.
exf6 e5 15. Ne6+ Kxf6 16. Bxe5+ Kxe5 17. Qe2+ Kd6 18. Nxd8 Bxf2+ 19. Kd1 Nc4 20. Nd2 Bg4 21. Nxc4+ dxc4 22. Qxg4 Raxd8 23. Ke2 Nd5 24. Qxg7 Rde8+ 25. Kd2 Be3+ 26. Kd1 Rf2 27. Qg6+ Re6 28. Qg3+ Kc5 29. Qxf2 Bxf2 30. c3 Nxc3+ 31. Kc2 Re2+ 32. Kc1 Be3# 0-1

[Event "*** Titled Tuesday Blitz"]
[Site "Chess.com"]
[Date "2020.12.29"]
[Round "5"]
[White "saikrishnaReturns"]
[Black "onnoelgersma"]
[Result "1-0"]
[WhiteElo "2643"]
[BlackElo "2428"]
[TimeControl "180+1"]
[EndTime "10:54:33 PST"]
[Termination "saikrishnaReturns won on time"]

1. e4 c5 2. Nf3 e6 3. Nc3 Nc6 4. d4 cxd4 5. Nxd4 a6 6. Nxc6 bxc6 7. Bd3 Qc7 8. O-O Nf6 9. f4 d5 10. e5 Nd7 11. Ne2 g6 12. c4 Bc5+ 13. Kh1 O-O 14. Ng3 Rb8 15. Qg4 Rb4 16. b3 f5 17. Qg5 Qd8 18.
Qh6 Rb8 19. Bd2 Bd4 20. Rac1 Nc5 21. Bb1 Ne4 22. Nxe4 dxe4 23. Rfd1 c5 24. Be3 Qb6 25. Bxd4 cxd4 26. c5 Qb4 27. Rc4 Qa3 28. Rcxd4 Qxc5 29. Rd8 Bb7 30. R8d7 Rf7 31. Rxf7 Kxf7 32. Qxh7+ Ke8 33.
Qg8+ Qf8 34. Qxe6+ Qe7 35. Qxg6+ Qf7 36. Qd6 Rc8 37. e6 Qe7 38. Qe5 e3 39. Bxf5 1-0

[Event "*** Titled Tuesday Blitz"]
[Site "Chess.com"]
[Date "2020.12.29"]
[Round "5"]
[White "omer1997"]
[Black "Pelopidass"]
[Result "0-1"]
[WhiteElo "2380"]
[BlackElo "2562"]
[TimeControl "180+1"]
[EndTime "10:54:33 PST"]
[Termination "Pelopidass won by resignation"]

1. e4 c5 2. Nc3 Nc6 3. Nf3 g6 4. d4 cxd4 5. Nxd4 Bg7 6. Be3 d6 7. f3 Nf6 8. Qd2 O-O 9. g4 Qa5 10. h4 h5 11. g5 Nd7 12. O-O-O Nde5 13. Be2 Nxd4 14. Bxd4 Be6 15. f4 Nc6 16. Bxg7 Kxg7 17. Kb1 b5 18. f5 b4 19. Nd5 Bxd5 20. exd5 Ne5 21. Rdf1 Rac8 22. f6+ Kg8 23. fxe7 Rfe8 24. Rf6 Qc5 25. Bd3 Rxe7 26. Rhf1 Qxd5 27. b3 Rec7 28.
Rd1 Nxd3 29. Qxd3 Qxd3 30. Rxd3 Rxc2 31. Rd1 Re2 32. Re6 fxe6 33. Rc1 Rxc1+ 34. Kxc1 Rxa2 35. Kb1 Rh2 0-1

[Event "*** Titled Tuesday Blitz"]
[Site "Chess.com"]
[Date "2020.12.29"]
[Round "5"]
[White "AlessiaSanteramo"]
[Black "MustafaY"]
[Result "1-0"]
[WhiteElo "2138"]
[BlackElo "2326"]
[TimeControl "180+1"]
[EndTime "10:54:33 PST"]
[Termination "AlessiaSanteramo won by resignation"]

1. e4 c5 2. Nf3 d6 3. Bb5+ Bd7 4.
Bxd7+ Qxd7 5. O-O Nc6 6. c3 Nf6 7. Qe2 e6 8. Rd1 Be7 9. d4 cxd4 10. cxd4 d5 11. e5 Ne4 12. Be3 O-O 13. Ne1 f6 14. f3 Ng5 15. Bxg5 fxg5 16. Nc3 a6 17. a3 Rac8 18. Na4 Qd8 19. b4 Rf4 20. Qe3 b6 21. Rac1 h6 22. g3 Rf8 23. Kg2 Na7 24. Rxc8 Nxc8 25.
Qd3 b5 26. Nc5 Bxc5 27. bxc5 Na7 28. a4 Qa5 29. axb5 axb5 30. Qg6 Qa6 31. Nd3 Qa2+ 32. Kh3 Rxf3 33. Qxe6+ Kh7 34. c6 Qe2 35. c7 Rxd3 36. Qf5+ g6 37. Qxd3 g4+ 38. Kh4 Qxd3 39. Rxd3 h5 40.
Kg5 Nc8 41. Kf6 b4 42. Ke6 1-0

[Event "*** Titled Tuesday Blitz"]
[Site "Chess.com"]
[Date "2020.12.29"]
[Round "5"]
[White "Moon_stone123"]
[Black "FMalexhdez"]
[Result "1-0"]
[WhiteElo "2439"]
[BlackElo "2271"]
[TimeControl "180+1"]
[EndTime "10:54:34 PST"]
[Termination "Moon_stone123 won by resignation"]

1. e4 c5 2. Nf3 d6 3. d4 cxd4 4. Nxd4 Nf6 5. Nc3 a6 6. h3 e5 7. Nb3 h5 8. Bg5 Be7 9. Qd2 Be6 10. g3 Nbd7 11. Bg2 Qc7 12. Rd1 Rc8 13. O-O O-O 14. Be3 b5 15. a3 Nb6 16. Bxb6 Qxb6 17. Nd5 Nxd5 18. exd5 Bf5 19. c3 Bf6 20. Qe2 Bg6 21.
Be4 Bxe4 22. Qxe4 Bg5 23. Qf5 Qd8 24. h4 Bh6 25. Qxh5 f5 26. Kh2 f4 27. Qg4 Rc4 28. Qe6+ Kh8 29. Nd2 Rc7 30. Ne4 Rd7 31. Kg2 f3+ 32. Kg1 Kh7 33. Rd3 g6 34. Qg4 Rdf7 35. Re1 a5 36. Qe6 Rd7 37. Red1 Kg7 38. Qg4 Rdf7 39.
h5 g5 40. Re1 Kh7 41. Qe6 Rd7 42. Qg6+ 1-0

[Event "*** Titled Tuesday Blitz"]
[Site "Chess.com"]
[Date "2020.12.29"]
[Round "5"]
[White "HaryKane"]
[Black "IljaJoke"]
[Result "0-1"]
[WhiteElo "2662"]
[BlackElo "2473"]
[TimeControl "180+1"]
[EndTime "10:54:35 PST"]
[Termination "IljaJoke won by resignation"]

1. e4 e5 2. Nf3 Nc6 3. d4 exd4 4.
Bc4 Bc5 5. O-O d6 6. b4 Bb6 7. a4 a5 8. b5 Ne5 9. Nxe5 dxe5 10.
Nd2 Ne7 11. Qh5 O-O 12. Nf3 Be6 13. Ng5 h6 14. Nxe6 fxe6 15. Bxe6+ Kh7 16. Qxe5 Ng6 17.
Bf5 Qf6 18. Qg3 Rad8 19. Bb2 Bc5 20. Rad1 Rd6 21. Rd3 Kh8 22. f4 Ne7 23. Bh3 Rdd8 24. e5 Qf7 25. f5 Nd5 26. Bxd4 Bxd4+ 27. Rxd4 Qe7 28. Rfd1 Nb4 29. c3 Nc2 30. Rxd8 Rxd8 31. Rxd8+ Qxd8 32. Bg4 Qd2 33. h3 Ne3 34. e6 Nd5 35.
Bf3 Qxc3 36. Qe5 Qxe5 0-1

[Event "*** Titled Tuesday Blitz"]
[Site "Chess.com"]
[Date "2020.12.29"]
[Round "5"]
[White "GMJustin"]
[Black "Stormeman100100"]
[Result "0-1"]
[WhiteElo "2300"]
[BlackElo "2509"]
[TimeControl "180+1"]
[EndTime "10:54:37 PST"]
[Termination "Stormeman100100 won on time"]

1. d4 Nf6 2. c4 e6 3. Nc3 Bb4 4. e3 O-O 5. Bd3 d5 6. Nf3 c5 7. O-O dxc4 8. Bxc4 b6 9. a3 Bxc3 10.
bxc3 Ba6 11. Bxa6 Nxa6 12. e4 cxd4 13. cxd4 h6 14. Qe2 Qc8 15. Bf4 Qb7 16. Rfe1 Rac8 17.
h3 Rc3 18. Bxh6 gxh6 19. Qd2 Rxf3 20. Qxh6 Qe7 21. gxf3 Nh7 22. Kh1 Qf6 23. Rg1+ Kh8 24. Qxf6+ Nxf6 25. Rac1 Nb8 26. Rc7 a5 27. Rgc1 Kg7 28.
Rc8 Nbd7 29. Rxf8 Kxf8 30. Rc7 Ke7 31. Rb7 Kd8 32. Kg2 Kc8 33. Ra7 Kb8 0-1

[Event "*** Titled Tuesday Blitz"]
[Site "Chess.com"]
[Date "2020.12.29"]
[Round "5"]
[White "Michaelson_11"]
[Black "ChrisTool2"]
[Result "0-1"]
[WhiteElo "2201"]
[BlackElo "2373"]
[TimeControl "180+1"]
[EndTime "10:54:37 PST"]
[Termination "ChrisTool2 won by checkmate"]

1. e4 c5 2. Nf3 e6 3. d4 cxd4 4. Nxd4 a6 5. Nc3 Qc7 6. Bd3 Nf6 7. Qe2 d6 8. f4 b5 9. a3 Nbd7 10.
g4 Nc5 11. g5 Nfd7 12. Bd2 Be7 13. b4 Nxd3+ 14. cxd3 Bb7 15. h4 Rc8 16. Rc1 O-O 17.
O-O Qb8 18. f5 exf5 19. Nxf5 Rfe8 20. Qf2 Ne5 21. d4 Nd3 22. Qf3 Nxc1 23. Bxc1 Rxc3 24.
Qxc3 Bxe4 25. Nxg7 Kxg7 26. d5+ Kg6 27. Bb2 Qb6+ 28.
Kh2 Kh5 29. Qg7 Qe3 30. Bd4 Qe2+ 31. Rf2 Qe1 32. Rf4 Qh1+ 33. Kg3 Qg2# 0-1

[Event "*** Titled Tuesday Blitz"]
[Site "Chess.com"]
[Date "2020.12.29"]
[Round "5"]
[White "Rud_Makarian"]
[Black "Forantes"]
[Result "1-0"]
[WhiteElo "2687"]
[BlackElo "2390"]
[TimeControl "180+1"]
[EndTime "10:54:38 PST"]
[Termination "Rud_Makarian won by checkmate"]

1. f4 d5 2. Nf3 g6 3. g3 Bg7 4. Bg2 Nf6 5. O-O O-O 6. d3 c5 7.
Ne5 Nc6 8. Nxc6 bxc6 9. c4 Bg4 10.
Nc3 Qd7 11. Qa4 d4 12. Ne4 Bxe2 13. Nxc5 Qd6 14. Re1 Qxc5 15. Rxe2 Qh5 16. Re5 Qg4 17. Bd2 Nd7 18. Rxe7 Nc5 19. Qxc6 Rac8 20. Qf3 Qxf3 21. Bxf3 Nxd3 22. b3 Nc5 23. Kg2 d3 24. Rae1 a6 25.
Bd5 Bf6 26. Ra7 Kg7 27. g4 h6 28. g5 hxg5 29. fxg5 Bd4 30. Ree7 Rce8 31. Rxf7+ Rxf7 32. Rxf7+ Kh8 33. Bb4 Re2+ 34. Kf3 Rf2+ 35. Kg4 Rxf7 36.
Bxf7 Ne4 37. Bxg6 d2 38. Bxd2 Nxd2 39. h4 Bc5 40. h5 Nf1 41. Bd3 Ne3+ 42. Kf4 Ng2+ 43.
Ke5 Nh4 44. Be4 Be3 45. g6 a5 46. Kd6 Kg7 47. c5 Kh6 48. c6 Bf4+ 49. Kd7 Be5 50. c7 Bxc7 51. Kxc7 a4 52. bxa4 Kg7 53. a5 Kh6 54. a6 Kg7 55. a7 Nf5 56. a8=Q Kh6 57. Qh8+ Kg5 58. Qe5 Kh6 59. g7 Nxg7 60. Qf6+ Kxh5 61.
Qxg7 Kh4 62. Bf5 Kh5 63. Qg6+ Kh4 64. Qg4# 1-0

[Event "*** Titled Tuesday Blitz"]
[Site "Chess.com"]
[Date "2020.12.29"]
[Round "5"]
[White "WonderChampion"]
[Black "Trickov"]
[Result "0-1"]
[WhiteElo "2060"]
[BlackElo "2323"]
[TimeControl "180+1"]
[EndTime "10:54:38 PST"]
[Termination "Trickov won by checkmate"]

1. d4 d5 2. Bg5 h6 3. Bf4 Nf6 4. Nf3 c5 5. e3 Nc6 6. Bd3 Qb6 7. Nc3 c4 8. Be2 Qxb2 9. Na4 Qb5 10. c3 Bf5 11. O-O e6 12. Ne5 Be7 13. f3 O-O 14. g4 Bh7 15. Bg3 Rac8 16. h4 Nxe5 17. Bxe5 Qa5 18. g5 hxg5 19. hxg5 Nd7 20. Bf4 b5 21. Nc5 Nxc5 22. dxc5 Qxc3 23. Rc1 Qa3 24. Rf2 Bxc5 25. Qd2 b4 26. Rh2 Bg6 27. Bf1 b3 28. axb3 cxb3 29.
Qd1 b2 30. Rb1 Bxe3+ 31. Bxe3 Qxe3+ 32. Kg2 Qxg5+ 33. Kh1 Bxb1 34. Qxb1 Qf5 35. Qxb2 Qxf3+ 36. Rg2 Qxf1+ 37. Kh2 Qf4+ 38. Kh3 d4 39. Rg4 Rc3+ 40. Kh4 Qh6# 0-1

[Event "*** Titled Tuesday Blitz"]
[Site "Chess.com"]
[Date "2020.12.29"]
[Round "5"]
[White "1977Ivan"]
[Black "Khusenkhojaev"]
[Result "1-0"]
[WhiteElo "2708"]
[BlackElo "2458"]
[TimeControl "180+1"]
[EndTime "10:54:39 PST"]
[Termination "1977Ivan won on time"]

1. d4 Nf6 2. c4 g6 3. Nc3 d5 4.
Nf3 Bg7 5. Qb3 dxc4 6. Qxc4 O-O 7. e4 Nfd7 8. Be2 Nb6 9. Qc5 Bg4 10. Be3 N8d7 11.
Qg5 Bxf3 12. gxf3 e5 13. Qxd8 Rfxd8 14. d5 Bf8 15. O-O-O Rac8 16. Kb1 Be7 17. f4 Re8 18. fxe5 Nxe5 19. f4 Nec4 20. Bc1 Bb4 21. e5 Na3+ 22. bxa3 Bxc3 23. Rd3 Ba5 24. h4 Rcd8 25. Rhd1 f6 26. Bg4 fxe5 27. Be6+ Kg7 28. fxe5 c6 29. Bg5 Rb8 30.
Bf6+ Kh6 31. Bf7 Nxd5 32. Rxd5 cxd5 33. Rxd5 Bb6 34. Rd7 Bc5 35. e6 Bxa3 36. e7 1-0

[Event "*** Titled Tuesday Blitz"]
[Site "Chess.com"]
[Date "2020.12.29"]
[Round "5"]
[White "maxip32"]
[Black "Evgeny81"]
[Result "0-1"]
[WhiteElo "2508"]
[BlackElo "2720"]
[TimeControl "180+1"]
[EndTime "10:54:39 PST"]
[Termination "Evgeny81 won on time"]

1. e4 c5 2. Nf3 Nc6 3. d4 cxd4 4.
Nxd4 g6 5. c4 Bg7 6. Be3 d6 7.
Nc3 Nf6 8. Be2 O-O 9. O-O Nxd4 10. Bxd4 Be6 11. Rc1 a5 12. b3 a4 13. f3 axb3 14.
axb3 Nd7 15. Be3 Qa5 16. Nb5 Rfc8 17. f4 Nc5 18. f5 Bd7 19. fxg6 hxg6 20. Bg4 Bxg4 21.
Qxg4 Nxb3 22. Rc2 Nc5 23. Rcf2 Rf8 24. Qh4 Qa4 25. Nc7 Qxc4 26. Nd5 Rae8 27. Bh6 Qxe4 28. Nf4 Nd3 29. Bxg7 f6 0-1

[Event "*** Titled Tuesday Blitz"]
[Site "Chess.com"]
[Date "2020.12.29"]
[Round "5"]
[White "nitpicker"]
[Black "pedromartinez91"]
[Result "0-1"]
[WhiteElo "2261"]
[BlackElo "2494"]
[TimeControl "180+1"]
[EndTime "10:54:39 PST"]
[Termination "pedromartinez91 won on time"]

1. d4 Nf6 2. c4 d6 3. Nc3 Nbd7 4. e4 e5 5. Nf3 Be7 6. Be2 O-O 7. O-O c6 8. Be3 Re8 9. Qc2 Bf8 10. Rfe1 Qe7 11. d5 c5 12. a3 b6 13. Nd2 h5 14. f3 g6 15. b4 Kh7 16. Rab1 Bh6 17. Bxh6 Kxh6 18. Nb5 Rb8 19. Nxa7 Ra8 20. Nc6 Qf8 21. Rb3 Kh7 22. Reb1 h4 23. R1b2 Nh5 24. Nb1 Nf4 25. Nc3 Qh6 26. Nb5 Qg5 27. Bf1 Nf6 28. Nxd6 N6h5 29.
Nxe8 Ng3 30. bxc5 Bh3 31. cxb6 Rxe8 32. b7 Nxf1 33. Kxf1 Nxg2 34. Qxg2 Bxg2+ 35. Rxg2 Qc1+ 36. Kf2 Qc2+ 37. Kf1 Qxb3 38. b8=Q Qxc4+ 39. Ke1 Qc1+ 40. Ke2 Rxb8 41. Nxb8 Qb2+ 42. Kf1 Qxb8 43. Rd2 Qb5+ 44. Kf2 Qc5+ 45. Ke2 Qc4+ 46. Kf2 Qc3 47. Ke2 Qxa3 48. d6 Qa6+ 49. Ke3 Qa7+ 50. Ke2 Qd7 51. Rd5 Kg7 52. Kd3 Kf6 53. Kc4 Ke6 54. Kc5 Qc8+ 55. Kb6 Kd7 0-1

[Event "*** Titled Tuesday Blitz"]
[Site "Chess.com"]
[Date "2020.12.29"]
[Round "5"]
[White "Nadtkins"]
[Black "BulletMercenary"]
[Result "1-0"]
[WhiteElo "2529"]
[BlackElo "2344"]
[TimeControl "180+1"]
[EndTime "10:54:39 PST"]
[Termination "Nadtkins won by checkmate"]

1. c4 e6 2. Nf3 d5 3. g3 Nf6 4.
Bg2 Be7 5. b3 O-O 6. Bb2 b6 7.
O-O Bb7 8. e3 dxc4 9. bxc4 c5 10. Nc3 Nc6 11. Qe2 Qd7 12. Rfd1 Rfd8 13. Ne1 Rac8 14. f4 Na5 15. d3 a6 16. a4 Bc6 17.
g4 Qb7 18. Rab1 Nd7 19. g5 e5 20. Nd5 Bd6 21. Bc3 Qa7 22. Nxb6 Nxb6 23. Bxa5 Nxa4 24.
Bxc6 Rxc6 25. Bxd8 Nc3 26. Qf3 e4 27. dxe4 Nxb1 28.
Rxb1 Qd7 29. e5 Bf8 30. Rd1 Qe6 31. Ba5 h6 32. h4 hxg5 33. hxg5 Qf5 34. e4 Qc8 35.
Rd8 Qb7 36. f5 Qb1 37. Qd3 Qa1 38. Bc3 Qa4 39. g6 fxg6 40. Qd5+ Kh7 41. Rxf8 gxf5 42.
exf5 Rh6 43. Qg8# 1-0

[Event "*** Titled Tuesday Blitz"]
[Site "Chess.com"]
[Date "2020.12.29"]
[Round "5"]
[White "gmcorrales"]
[Black "crescentmoon2411"]
[Result "0-1"]
[WhiteElo "2781"]
[BlackElo "2897"]
[TimeControl "180+1"]
[EndTime "10:54:41 PST"]
[Termination "crescentmoon2411 won by resignation"]

1. e4 e5 2. Nf3 Nc6 3. d4 exd4 4. Nxd4 Bc5 5. Nb3 Bb4+ 6. c3 Be7 7. Bd3 Nf6 8. O-O O-O 9. f4 d6 10. N1d2 Re8 11. Nf3 Bf8 12. e5 dxe5 13. fxe5 Ng4 14.
Bxh7+ Kxh7 15. Ng5+ Kg8 16. Qc2 f5 17. exf6 Nxf6 18.
Rxf6 Re1+ 19. Rf1 Rxf1+ 20. Kxf1 Qf6+ 21. Kg1 Bf5 22. Qf2 Re8 23. Bf4 a5 24. Nd4 Nxd4 25.
cxd4 c5 26. dxc5 Bd3 27. h4 Re2 28. Qf3 Qd4+ 29. Kh1 Rf2 30. Be3 Qxh4+ 31. Qh3 Qxh3+ 32. Nxh3 Rxb2 33. Rd1 Be4 34. Nf4 g5 35. Nh5 Bxg2+ 36. Kg1 Bf3 37. Nf6+ Kf7 38. Rd8 Be7 39. Rd7 Rg2+ 40.
Kf1 Kxf6 41. Bf2 Ke6 42. Rd3 g4 43. Re3+ Kd7 44. Rb3 Rh2 45. Rd3+ Kc6 46. Ra3 Rxf2+ 0-1

[Event "*** Titled Tuesday Blitz"]
[Site "Chess.com"]
[Date "2020.12.29"]
[Round "5"]
[White "CSB7"]
[Black "Parhamov"]
[Result "0-1"]
[WhiteElo "2632"]
[BlackElo "2944"]
[TimeControl "180+1"]
[EndTime "10:54:41 PST"]
[Termination "Parhamov won by resignation"]

1. d4 Nf6 2. Nf3 e6 3. Bf4 b6 4.
Nbd2 Bb7 5. e3 g6 6. h3 Bg7 7. Bd3 O-O 8. O-O d6 9. Bh2 Nbd7 10. e4 Re8 11. Re1 e5 12. c3 a6 13. a4 Qe7 14.
Qc2 Nh5 15. Nc4 Rad8 16. Rad1 Qf8 17. Ne3 Bh6 18. dxe5 Nxe5 19. Nxe5 dxe5 20. Nd5 Rd7 21. Be2 Bxd5 22. Rxd5 Rxd5 23. exd5 Nf4 24. Bxa6 Qc5 25.
Bb5 Re7 26. Bxf4 Bxf4 27. Bc6 f5 28. b4 Qc4 29. a5 bxa5 30. bxa5 e4 31. Qe2 Qc5 32.
Kf1 Qxa5 33. g3 Bd6 34. Qc4 h5 35. Kg2 Kh7 36. Rb1 e3 37. fxe3 Rxe3 38. g4 Rg3+ 39. Kf2 Qa7+ 40. Ke2 Qe3+ 41. Kd1 Rg1+ 42. Kc2 Qf2+ 43. Kd3 Rxb1 0-1

[Event "*** Titled Tuesday Blitz"]
[Site "Chess.com"]
[Date "2020.12.29"]
[Round "5"]
[White "Astaneh"]
[Black "Zhigalko_Sergei"]
[Result "0-1"]
[WhiteElo "2607"]
[BlackElo "2855"]
[TimeControl "180+1"]
[EndTime "10:54:41 PST"]
[Termination "Zhigalko_Sergei won by resignation"]

1. e4 c5 2. Nf3 Nc6 3. Nc3 Nf6 4.
a3 e6 5. Bc4 Nxe4 6. Nxe4 d5 7.
Bd3 c4 8. Bxc4 dxe4 9. Ng1 Bc5 10. Ne2 O-O 11. O-O Ne5 12. Bb3 Qh4 13. d4 exd3 14.
Nf4 Ng4 15. Nh3 dxc2 16. Bxc2 e5 17. Qf3 Be6 18. Qxb7 Rac8 19. Qe4 f5 20. Qa4 Bb6 21. Bb3 Bxb3 22. Qxb3+ Kh8 23. Bg5 Qh5 24. Qf3 e4 25. Qg3 h6 26. Bd2 g5 27. Bc3+ Kh7 28. Rad1 Rf7 29.
Rd6 f4 30. Nxf4 gxf4 31. Qh3 Qxh3 32.
gxh3 Nxf2 33. Rxf2 Rg8+ 34. Kf1 Bxf2 35. Kxf2 f3 36.
Bd2 Rg2+ 37. Kf1 Rxh2 38. Rxh6+ Kg7 39. Rd6 Rh1+ 40. Kf2 Rh2+ 41. Kg3 Rg2+ 42. Kh4 f2 43. Bc3+ Kh7 44. Kh5 Rf5+ 0-1

[Event "*** Titled Tuesday Blitz"]
[Site "Chess.com"]
[Date "2020.12.29"]
[Round "5"]
[White "NovikovaGalina"]
[Black "Love_craft"]
[Result "1-0"]
[WhiteElo "2260"]
[BlackElo "2474"]
[TimeControl "180+1"]
[EndTime "10:54:41 PST"]
[Termination "NovikovaGalina won on time"]

1. e4 g6 2. d4 Bg7 3. Nc3 d6 4. Be3 a6 5. f3 b5 6. Qd2 Bb7 7. O-O-O h5 8. h4 Nd7 9. Nh3 Rc8 10. Nf2 c5 11. g4 c4 12. gxh5 Rxh5 13. Ne2 c3 14.
Nxc3 b4 15. Ne2 Ra5 16. Kb1 Nb6 17. Nc1 Nf6 18. d5 Qc7 19. Nb3 Na4 20. Bd4 Kf8 21.
Rc1 Rb5 22. Bxb5 axb5 23. Qxb4 Ra8 24. Ng4 Nh5 25. Bxg7+ Kxg7 26. Qd4+ f6 27. Qd2 Bc8 28. Qh6+ Kf7 29. Qh7+ Ke8 30. Qxg6+ Kd8 31. Qxh5 Qa7 32. Qh8+ 1-0

[Event "*** Titled Tuesday Blitz"]
[Site "Chess.com"]
[Date "2020.12.29"]
[Round "5"]
[White "Yoda1992"]
[Black "RobertoJBM"]
[Result "0-1"]
[WhiteElo "2497"]
[BlackElo "2711"]
[TimeControl "180+1"]
[EndTime "10:54:42 PST"]
[Termination "RobertoJBM won by checkmate"]

1. d4 d5 2. Bf4 e6 3. e3 Bd6 4. Bg3 Bxg3 5. hxg3 Qd6 6. Bd3 Qb4+ 7. Nd2 Qxb2 8. Ngf3 c5 9. Rb1 Qxa2 10. Ra1 Qb2 11. Rb1 Qc3 12. Rb3 Qa5 13. Rb5 Qd8 14. Rxc5 a6 15. Rxh7 Rxh7 16. Bxh7 Nf6 17. Bd3 b5 18. Ne5 Nbd7 19. Rc3 Bb7 20. Ndf3 Rc8 21. Ra3 Qe7 22. Rb3 g6 23. Ng5 Nxe5 24. dxe5 Nd7 25. f4 Nxe5 26.
Qa1 Nxd3+ 27. cxd3 Qc5 28. Ke2 Qc2+ 29. Kf3 Qxb3 30. Qf6 d4+ 31. e4 Qxd3+ 32. Kg4 Qe2+ 33. Nf3 Qxe4 34. Qh8+ Ke7 35. Qh4+ Kd6 36. Ne5 Qf5# 0-1

[Event "*** Titled Tuesday Blitz"]
[Site "Chess.com"]
[Date "2020.12.29"]
[Round "5"]
[White "maximnovik"]
[Black "SantoBlue"]
[Result "0-1"]
[WhiteElo "2612"]
[BlackElo "2863"]
[TimeControl "180+1"]
[EndTime "10:54:44 PST"]
[Termination "SantoBlue won on time"]

1. Nf3 g6 2. g3 Bg7 3. Bg2 e5 4. O-O d5 5. d3 Ne7 6. e4 c6 7.
Nbd2 O-O 8. b4 a5 9. bxa5 Qxa5 10. Bb2 d4 11. Nc4 Qc7 12. a4 Be6 13. Nfd2 Nd7 14. a5 f6 15. c3 c5 16. Qc2 Nc6 17. cxd4 Nxd4 18. Bxd4 cxd4 19. Rfb1 Rfc8 20. Qd1 Bh6 21.
Rb5 Bxd2 22. Nxd2 Qc3 23. Rxb7 Nc5 24. Rb6 Rxa5 25. Rxa5 Qxa5 26. Rxe6 Nxe6 27. Bh3 Rc6 28. Nc4 Qa2 29. Bxe6+ Rxe6 30. Qg4 Qa6 31. h4 Qc8 32. h5 Rc6 33. Qh4 g5 34. Qh1 Rxc4 35. dxc4 Qxc4 36. Qf3 Qe6 37. h6 Kf7 38. Kg2 Kg6 39. g4 Kxh6 40. Kg3 Kg6 41. Qa3 Qf7 42. Qd6 Kg7 43. f3 h6 44. Qd8 h5 45. gxh5 Qxh5 46. Qe7+ Qf7 47. Qd8 Qa7 48. Kg4 Qa2 49. Kf5 Qf7 50. Qd6 Qg6+ 51.
Kg4 f5+ 0-1

[Event "*** Titled Tuesday Blitz"]
[Site "Chess.com"]
[Date "2020.12.29"]
[Round "5"]
[White "Meri-Arabidze"]
[Black "TristanCalistri"]
[Result "1-0"]
[WhiteElo "2635"]
[BlackElo "2310"]
[TimeControl "180+1"]
[EndTime "10:54:44 PST"]
[Termination "Meri-Arabidze won on time"]

1. Nf3 Nf6 2. c4 b6 3. d4 Bb7 4. Nc3 e6 5. e3 d5 6. cxd5 exd5 7. Bd3 Bd6 8. O-O O-O 9. a3 Nbd7 10. b4 a6 11. Qb3 Re8 12. b5 axb5 13. Nxb5 Bf8 14. a4 c5 15. Bf5 Ne4 16. Ba3 Ndf6 17. dxc5 bxc5 18. Rfd1 Qa5 19. Bb2 Rad8 20. Be5 Rc8 21. Bxc8 Bxc8 22. Bc7 Qa8 23. Bf4 Qa5 24. Nc7 Rd8 25. h3 h6 26. Nb5 Be6 27. Bc7 Qa8 28. Bxd8 Qxd8 29. Qb2 Qc8 30. Qe5 Bxh3 31. Qh2 Bg4 32.
Ne5 Qf5 33. Nxg4 Nxg4 34. Qf4 Qh5 35. f3 Nef2 36. fxg4 1-0